 Dungeon Crawl Stone Soup version 0.31-a0-233-g139696dc86 (webtiles) character file.

Game seed: 14600253570511847027

77387 qw the Marksminotaur (level 15, -3/138 HPs)
             Began as a Minotaur Hexslinger on July 7, 2023.
             Was a High Priest of Okawaru.
             Slain by a brown ugly thing (5 damage)
             ... on level 14 of the Dungeon.
             The game lasted 00:07:05 (16579 turns).

qw the Marksminotaur (Minotaur Hexslinger)         Turns: 16579, Time: 00:07:06

Health: -3/138     AC: 16    Str: 13    XL:     15   Next: 15%
Magic:  21/21      EV: 33    Int: 10    God:    Okawaru [*****.]
Gold:   1656       SH:  0    Dex: 26    Spells: 15/16 levels left

rFire   . . .        v - +27 heavy crossbow "Sniper" {heavy, Acc+∞ SInv}
rCold   . . .        (shield currently unavailable)
rNeg    . . .        C - +0 troll leather armour
rPois   .            y - +1 hat {Stlth+}
rElec   .            g - +1 cloak
rCorr   .            m - +2 pair of gloves
SInv    +            w - +1 pair of boots
Will    +....        t - amulet of faith
Stlth   ++++         b - +6 ring of dexterity
HPRegen 1.23/turn    d - +5 ring of evasion
MPRegen 0.17/turn

%: faith
@: about to teleport, heroic, marked
A: horns 2, retaliatory headbutt
a: Renounce Religion, Heroism, Finesse, Duel


You were on level 14 of the Dungeon.
You worshipped Okawaru.
Okawaru was extremely pleased with you.
You visited 3 branches of the dungeon, and saw 20 of its levels.
You also visited: Gauntlet.

You collected 2165 gold pieces.
You spent 509 gold pieces at shops.


Innate Abilities, Weirdness & Mutations

You have a pair of horns on your head.
You reflexively headbutt those who attack you in melee.


   Skills:
 - Level 14.0(19.0) Fighting
 + Level 20.3(25.3) Ranged Weapons
 - Level 8.1(13.1) Armour
 - Level 12.0(17.0) Dodging
 - Level 1.0 Spellcasting
 - Level 2.0 Hexes
 - Level 10.0 Invocations


You had 15 spell levels left.
You knew the following spells:

 Your Spells              Type           Power      Damage    Failure   Level
a - Slow                  Hex            16%        N/A       19%         1

Your spell library contained the following spells:

 Spells                   Type           Power      Damage    Failure   Level
 Inner Flame              Hex/Fire       2%         N/A       63%         3
 Portal Projectile        Hex/Tloc       4%         N/A       63%         3
 Cause Fear               Hex            2%         N/A       87%         4

Inventory:

Hand Weapons
 v - the +27 heavy crossbow "Sniper" (weapon) {heavy, Acc+∞ SInv}
   (You acquired it on level 3 of the Lair of Beasts)

   Acc+∞: It never misses its target.
   SInv:      It lets you see invisible.
Armour
 g - a +1 cloak (worn)
 k - the +2 pair of gloves "Keton Qaguqe" {Harm Dex+3}
   (You found it on level 3 of the Dungeon)

   Dex:       It affects your dexterity (+3).
   Harm:      It increases damage dealt and taken.
 m - a +2 pair of gloves (worn)
 q - the +0 pair of boots of Negligence {+Inv SInv}
   (You found it in a Gauntlet)

   SInv:      It lets you see invisible.
   +Inv:      It lets you turn invisible.
 w - a +1 pair of boots (worn)
 y - a +1 hat of stealth (worn)
 C - a +0 troll leather armour (worn)
Jewellery
 b - a +6 ring of dexterity (left hand)
 d - a +5 ring of evasion (right hand)
 h - a ring of protection from fire
 t - an amulet of faith (around neck)
Scrolls
 a - 6 scrolls of identify
 n - 3 scrolls of enchant weapon
 o - a scroll of brand weapon
 p - 3 scrolls of teleportation
Potions
 c - 6 potions of heal wounds
 e - 3 potions of mutation
 f - 5 potions of resistance
 i - 7 potions of curing
 j - 2 potions of haste
 l - a potion of magic
 s - 4 potions of enlightenment
 u - 2 potions of cancellation

Dungeon Overview and Level Annotations

Branches:
Dungeon (14/15)            Temple (1/1) D:5            Lair (5/5) D:8
  Swamp (0/4) Lair:2        Snake (0/4) Lair:3        Slime (0/5) Lair:4
    Orc (0/2) D:12        Gauntlet (visited)
 Vaults: D:13-14

Altars:
Ashenzari
Cheibriados
Dithmenos
Elyvilon
Fedhas
Gozag
Hepliaklqana
Kikubaaqudgha
Makhleb
Nemelex Xobeh
Okawaru
Qazlal
Ru
Sif Muna
Trog
Uskayaw
Vehumet
Wu Jian
Xom
Yredelemnul
Zin
The Shining One
Jiyva

Shops:
D:7 [!   D:9 ?

Annotations:
D:3 3 runed translucent doors, Crazy Yiuf; qw's ghost, amateur GrHs
D:5 3 runed translucent doors, qw's ghost, novice GrHs
D:6 3 runed translucent doors, qw's ghost, novice DEHu
D:7 5 transporters
D:8 1 runed translucent door, qw's ghost, novice GrHs
D:9 3 runed translucent doors, qw's ghost, novice MiHs
Lair:4 1 runed translucent door


Message History

The centaur warrior shoots an arrow.
The arrow hits you!
The two-headed ogre completely misses you. x2
The skeletal warrior completely misses you.
The red ugly thing basks in the mutagenic energy from its kin and changes!
A red ugly thing comes into view.
Your base Dodging skill increases to level 12!
You shoot a bolt. The bolt hits the two-headed ogre!!!
The two-headed ogre is almost dead.
The centaur warrior shoots an arrow.
The arrow misses you.
The skeletal warrior hits you from afar with a +0 glaive!
A white ugly thing comes into view.
The centaur warrior shoots an arrow.
The arrow misses you.
The two-headed ogre completely misses you.
You furiously retaliate!
You headbutt the two-headed ogre. The two-headed ogre closely misses you.
The skeletal warrior completely misses you.
The brown ugly thing completely misses you.
You furiously retaliate!
You headbutt the brown ugly thing, but do no damage.
A tengu conjurer comes into view. It is wielding a +0 long sword.
The centaur warrior shoots an arrow.
The arrow completely misses you.
16577 ||| Stepping ~*~*~tactically~*~*~ (outnumbered).
The two-headed ogre attacks as you move away!
The two-headed ogre hits you with a +0 giant club!
The two-headed ogre barely misses you.
The centaur warrior shoots an arrow.
The arrow misses you.
You see here a +0 shortbow.
You shoot a bolt. The bolt hits the brown ugly thing!!!
The brown ugly thing is almost dead.
The brown ugly thing completely misses you.
The white ugly thing tail-slaps you. The white ugly thing freezes you!!
The brown ugly thing completely misses you.
The white ugly thing completely misses you.
You furiously retaliate!
You headbutt the white ugly thing.
The red ugly thing basks in the mutagenic energy from its kin and changes!
16579 ||| READING 4 scrolls of teleportation.
As you read the scroll of teleportation, it crumbles to dust.
You feel strangely unstable. The brown ugly thing claws you.
You die...

##..... #...#
#.#... ###..)#
.....
##...#...e%C
#..###.#.###
#.## .#.#
######W####u#
#
#.Q....Ocu.D#
...#####u#####
#...@uuBu#
#.#####zu.#
#..# #.# .C.
#u# .Z


You could see a boulder beetle, 6 ugly things, a skeletal warrior, a centaur
warrior and a two-headed ogre.

Vanquished Creatures
  Jorgrun (D:12)
  Kirke (D:12)
  A minotaur (Gauntlet)
  Josephine (D:13)
  Harold (Lair:1)
  Erolcha (D:12)
  6 hydras
  4 catoblepae (Lair:5)
  3 centaur warriors
  Erica (D:8)
  6 two-headed ogres
  A tengu warrior (D:13)
  3 boulder beetles
  13 death yaks (Lair:5)
  Lodul (D:11)
  A skyshark (Lair:2)
  A sixfirhy (Gauntlet)
  5 deep elf pyromancers
  An ugly thing (D:7)
  4 manticores
  2 cyclopes
  A moth of wrath (Gauntlet)
  Maurice (D:12)
  4 black mambas
  An ice statue (Lair:2)
  2 gargoyles
  15 cane toads
  10 komodo dragons
  3 kobold demonologists (D:11)
  3 rime drakes
  An efreet (D:13)
  A freezing wraith (Lair:2)
  6 trolls
  4 meliai
  2 hornets
  4 polar bears (Lair:2)
  A tyrant leech (Lair:2)
  Prince Ribbit (D:7)
  Grinder (D:3)
  18 blink frogs
  17 dream sheep
  12 slime creatures
  7 wraiths
  5 wyverns
  48 yaks
  2 vampires
  3 basilisks
  2 steam dragons
  6 hogs (D:12)
  A vampire mosquito (D:14)
  2 swamp worms (Lair:2)
  Menkaure (D:7)
  5 acid dragons
  15 water moccasins
  3 nagas (Lair:3)
  7 orc warriors
  A sky beast (D:7)
  7 ice beasts
  8 ogres
  6 centaurs
  24 wolves
  2 kobold brigands
  A gnoll sergeant (D:7)
  8 bullfrogs
  2 scorpions
  7 wights
  3 howler monkeys
  4 hounds
  6 jellies
  5 orc priests
  7 iguanas
  11 orc wizards
  13 gnolls
  8 adders
  7 river rats (D:4)
  2 shadow imps
  4 white imps
  4 ufetubi (Gauntlet)
  8 worms
  3 dart slugs
  49 orcs
  6 bats
  20 endoplasms
  3 giant cockroaches
  12 goblins
  6 hobgoblins
  4 jackals (D:5)
  6 quokkas
  10 ball pythons
  4 frilled lizards
  11 kobolds
  12 rats
567 creatures vanquished.

Vanquished Creatures (others)
  A slime creature (D:13)
1 creature vanquished.

Grand Total: 568 creatures vanquished

Notes
Turn   | Place    | Note
-------+----------+-------------------------------------------
     0 | D:1      | qw the Minotaur Hexslinger began the quest for the Orb.
     0 | D:1      | Reached XP level 1. HP: 16/16 MP: 1/1
     0 | D:1      | 0 ||| qw: Version: 0.3-a-46-gb1f654a
     0 | D:1      | 0 ||| qw: Game counter: 3161
     0 | D:1      | 0 ||| qw: Melee chars always use a shield: true
     0 | D:1      | 0 ||| qw: God list: Okawaru
     0 | D:1      | 0 ||| qw: Allow faded altars: false
     0 | D:1      | 0 ||| qw: Do Orc after clearing Dungeon:15 true
     0 | D:1      | 0 ||| qw: Do second Lair branch before Depths: true
     0 | D:1      | 0 ||| qw: Lair rune preference: random
     0 | D:1      | 0 ||| qw: Goals: Normal
     0 | D:1      | 0 ||| PLANNING D:1-11
   187 | D:1      | Reached skill level 3 in Ranged Weapons
   188 | D:1      | Reached XP level 2. HP: 23/23 MP: 2/2
   287 | D:1      | 287 ||| FLEEEEING.
   288 | D:1      | 288 ||| FLEEEEING.
   289 | D:1      | 289 ||| FLEEEEING.
   290 | D:1      | 290 ||| FLEEEEING.
   291 | D:1      | 291 ||| FLEEEEING.
   802 | D:1      | 802 ||| UPGRADING to +0 leather armour.
   812 | D:1      | 812 ||| DROPPING +0 robe.
   813 | D:1      | 813 ||| UPGRADING to +0 ring mail.
   823 | D:1      | 823 ||| DROPPING +0 leather armour.
   824 | D:1      | 824 ||| READING 4 scrolls labelled LIFFIATSIC.
   825 | D:1      | 825 ||| READING scroll labelled JAHIRE NUECY.
   826 | D:1      | 826 ||| READING scroll labelled MOEHUSOPSY.
   827 | D:1      | 827 ||| READING scroll labelled GIRGHO YTHU CUTT.
   928 | D:1      | 928 ||| READING scroll labelled EPLUHU JOLEFE.
   929 | D:1      | 929 ||| DRINKING 2 coppery potions.
   929 | D:1      | Gained mutation: Your muscles are strong. (Str +4, Int/Dex
                  | -1) [potion of mutation]
   929 | D:1      | Lost mutation: Your muscles are strong. (Str +4, Int/Dex
                  | -1) [potion of mutation]
   930 | D:1      | 930 ||| READING 3 scrolls of identify.
   930 | D:1      | 930 ||| IDENTIFYING viscous inky potion
   931 | D:1      | 931 ||| DROPPING scroll of poison.
   981 | D:2      | Reached XP level 3. HP: 29/29 MP: 3/3
   992 | D:2      | 992 ||| READING scroll of enchant weapon.
   992 | D:2      | 992 ||| ENCHANTING +2 sling.
  1133 | D:2      | Reached skill level 4 in Ranged Weapons
  1288 | D:2      | Reached skill level 1 in Armour
  1407 | D:2      | 1407 ||| UPGRADING to +0 cloak.
  1412 | D:2      | 1412 ||| READING scroll labelled ZEUFIM AL USUQ.
  1412 | D:2      | Identified a scroll of acquirement
  1412 | D:2      | 1412 ||| ACQUIRING +6 orcbow of flaming
  1412 | D:2      | Acquired a +6 orcbow of flaming
  1414 | D:2      | 1414 ||| SWAPPING to +6 orcbow of flaming.
  1415 | D:2      | 1415 ||| DROPPING +3 sling.
  1416 | D:2      | 1416 ||| READING scroll labelled LIWIEDE ETZA.
  1417 | D:2      | 1417 ||| READING 2 scrolls of identify.
  1417 | D:2      | 1417 ||| IDENTIFYING gluggy clear potion
  1418 | D:2      | 1418 ||| DROPPING potion of lignification.
  1442 | D:3      | 1442 ||| STAIRDANCE
  1470 | D:3      | 1470 ||| READING scroll of enchant armour.
  1470 | D:3      | 1470 ||| ENCHANTING +0 cloak.
  1508 | D:3      | Found a runed translucent door.
  1517 | D:3      | Reached XP level 4. HP: 36/36 MP: 4/4
  1528 | D:3      | 1528 ||| READING scroll of enchant weapon.
  1528 | D:3      | 1528 ||| ENCHANTING +6 orcbow of flaming.
  1550 | D:3      | Found a runed translucent door.
  1552 | D:3      | Noticed qw's ghost (amateur GrHs)
  1626 | D:3      | Found a hide-covered altar of Uskayaw.
  1719 | D:3      | Reached skill level 5 in Ranged Weapons
  1733 | D:3      | Identified the +2 pair of gloves "Keton Qaguqe" {Harm
                  | Dex+3}
  1762 | D:3      | Noticed Grinder
  1767 | D:3      | Reached XP level 5. HP: 39/44 MP: 5/5
  1769 | D:3      | Killed Grinder
  1770 | D:3      | Reached XP level 6. HP: 52/57 MP: 6/6
  1885 | D:3      | Found a faded altar of an unknown god.
  1979 | D:3      | Found a runed translucent door.
  1980 | D:3      | Noticed Crazy Yiuf
  2096 | D:3      | 2096 ||| READING scroll labelled DOCLOICL POLU.
  2097 | D:3      | 2097 ||| READING scroll labelled XUVOOPSOHO.
  2098 | D:3      | 2098 ||| READING scroll labelled SIRHAH KUTS.
  2099 | D:3      | 2099 ||| READING 2 scrolls of identify.
  2099 | D:3      | 2099 ||| IDENTIFYING metallic golden potion
  2151 | D:4      | 2151 ||| PLANNING SEWER
  2376 | D:4      | Reached skill level 6 in Ranged Weapons
  2510 | D:4      | Reached XP level 7. HP: 62/62 MP: 7/7
  2614 | D:4      | Reached skill level 7 in Ranged Weapons
  2865 | D:4      | 2865 ||| RIP SEWER
  2866 | D:4      | 2866 ||| PLANNING D:1-11
  3050 | D:4      | 3050 ||| UPGRADING to +0 pair of gloves.
  3055 | D:4      | 3055 ||| UPGRADING to +0 pair of boots.
  3060 | D:4      | 3060 ||| UPGRADING to ring of see invisible.
  3061 | D:4      | 3061 ||| UPGRADING to ring of protection from fire.
  3062 | D:4      | 3062 ||| READING scroll labelled ZOCRIU RESOC.
  3065 | D:4      | 3065 ||| READING scroll labelled ORIUTE IMUJU.
  3066 | D:4      | 3066 ||| DRINKING 2 fizzy red potions.
  3067 | D:4      | 3067 ||| DROPPING potion of brilliance.
  3085 | D:5      | Entered Level 5 of the Dungeon
  3197 | D:5      | Reached skill level 8 in Ranged Weapons
  3237 | D:5      | HP: 15/62 [poisoned by a water moccasin]
  3242 | D:5      | HP: 9/62 [poisoned by a water moccasin]
  3514 | D:5      | Reached XP level 8. HP: 70/70 MP: 8/8
  3549 | D:5      | Found a runed translucent gate.
  3549 | D:5      | Found a runed translucent gate.
  3549 | D:5      | Found a runed translucent gate.
  3553 | D:5      | Noticed qw's ghost (novice GrHs)
  3556 | D:5      | Identified the +9 spear of the Snake Pit {pain, rC++ rN+
                  | Dex-5 Stlth-}
  3556 | D:5      | Identified the +0 scale mail "Fedusi Alon" {Harm Will++}
  3683 | D:5      | 3683 ||| READING scroll of enchant armour.
  3683 | D:5      | 3683 ||| ENCHANTING +0 pair of gloves.
  3753 | D:5      | Found a staircase to the Ecumenical Temple.
  3754 | D:5      | 3754 ||| PLANNING TEMPLE
  3758 | D:5      | Reached skill level 9 in Ranged Weapons
  3758 | D:5      | 3758 ||| UPGRADING to +5 ring of evasion.
  3760 | D:5      | 3760 ||| UPGRADING to ring of see invisible.
  3762 | D:5      | 3762 ||| READING 4 scrolls of identify.
  3762 | D:5      | 3762 ||| IDENTIFYING silvery potion
  3763 | D:5      | 3763 ||| READING 3 scrolls of identify.
  3763 | D:5      | 3763 ||| IDENTIFYING fuming yellow potion
  3764 | D:5      | 3764 ||| READING 2 scrolls of identify.
  3764 | D:5      | 3764 ||| IDENTIFYING fizzy blue potion
  3765 | D:5      | 3765 ||| DROPPING potion of degeneration.
  3766 | D:5      | 3766 ||| DROPPING potion of invisibility.
  3772 | Temple   | Entered the Ecumenical Temple
  3773 | Temple   | 3773 ||| PLANNING OKAWARU WORSHIP
  3780 | Temple   | Became a worshipper of Warmaster Okawaru
  3781 | Temple   | 3781 ||| PLANNING D:1-11
  4088 | D:6      | Reached skill level 3 in Armour
  4204 | D:6      | Reached skill level 3 in Dodging
  4237 | D:6      | Noticed a slime creature
  4243 | D:6      | Reached skill level 6 in Fighting
  4251 | D:6      | Killed a slime creature
  4261 | D:6      | Reached skill level 10 in Ranged Weapons
  4424 | D:6      | Found a runed translucent gate.
  4424 | D:6      | Found a runed translucent gate.
  4425 | D:6      | Found a runed translucent gate.
  4426 | D:6      | Noticed qw's ghost (novice DEHu)
  4710 | D:6      | 4710 ||| READING 2 scrolls of identify.
  4710 | D:6      | 4710 ||| IDENTIFYING grey potion
  4736 | D:7      | 4736 ||| STAIRDANCE
  4743 | D:6      | Reached * piety under Okawaru
  4823 | D:7      | 4823 ||| STAIRDANCE
  4825 | D:6      | 4825 ||| INVOKING Heroism.
  5069 | D:7      | Found Luj Qenk's Distillery.
  5073 | D:7      | 5073 ||| BUYING potion of curing (39 gold).
  5073 | D:7      | Bought a potion of curing for 39 gold pieces
  5073 | D:7      | 5073 ||| BUYING potion of haste (130 gold).
  5073 | D:7      | Bought a potion of haste for 130 gold pieces
  5073 | D:7      | 5073 ||| BUYING potion of heal wounds (65 gold).
  5073 | D:7      | Bought a potion of heal wounds for 65 gold pieces
  5073 | D:7      | 5073 ||| BUYING potion of heal wounds (65 gold).
  5073 | D:7      | Bought a potion of heal wounds for 65 gold pieces
  5073 | D:7      | 5073 ||| SHOPLISTING potion of magic (104 gold, have 7).
  5073 | D:7      | 5073 ||| SHOPLISTING potion of might (52 gold, have 7).
  5073 | D:7      | 5073 ||| SHOPLISTING potion of mutation (104 gold, have 7).
  5102 | D:7      | Noticed Prince Ribbit
  5111 | D:7      | Killed Prince Ribbit
  5112 | D:7      | Reached XP level 9. HP: 42/79 MP: 9/9
  5112 | D:7      | 5112 ||| INVOKING Heroism.
  5125 | D:7      | 5125 ||| FLEEEEING.
  5126 | D:7      | 5126 ||| FLEEEEING.
  5127 | D:7      | 5127 ||| FLEEEEING.
  5128 | D:7      | 5128 ||| FLEEEEING.
  5129 | D:7      | 5129 ||| FLEEEEING.
  5130 | D:7      | 5130 ||| FLEEEEING.
  5131 | D:7      | 5131 ||| FLEEEEING.
  5132 | D:7      | 5132 ||| FLEEEEING.
  5133 | D:7      | 5133 ||| FLEEEEING.
  5134 | D:7      | 5134 ||| FLEEEEING.
  5135 | D:7      | 5135 ||| FLEEEEING.
  5136 | D:7      | 5136 ||| FLEEEEING.
  5137 | D:7      | 5137 ||| FLEEEEING.
  5138 | D:7      | 5138 ||| FLEEEEING.
  5139 | D:7      | 5139 ||| FLEEEEING.
  5140 | D:7      | 5140 ||| FLEEEEING.
  5141 | D:7      | 5141 ||| FLEEEEING.
  5142 | D:7      | 5142 ||| FLEEEEING.
  5143 | D:7      | 5143 ||| FLEEEEING.
  5144 | D:7      | 5144 ||| FLEEEEING.
  5145 | D:7      | 5145 ||| FLEEEEING.
  5146 | D:7      | 5146 ||| FLEEEEING.
  5147 | D:7      | 5147 ||| FLEEEEING.
  5148 | D:7      | 5148 ||| FLEEEEING.
  5149 | D:7      | 5149 ||| FLEEEEING.
  5150 | D:7      | 5150 ||| FLEEEEING.
  5151 | D:7      | 5151 ||| FLEEEEING.
  5152 | D:7      | 5152 ||| FLEEEEING.
  5153 | D:7      | 5153 ||| FLEEEEING.
  5154 | D:7      | 5154 ||| FLEEEEING.
  5155 | D:7      | 5155 ||| FLEEEEING.
  5156 | D:7      | 5156 ||| FLEEEEING.
  5157 | D:7      | 5157 ||| FLEEEEING.
  5158 | D:7      | 5158 ||| FLEEEEING.
  5159 | D:7      | 5159 ||| FLEEEEING.
  5160 | D:7      | 5160 ||| FLEEEEING.
  5161 | D:7      | 5161 ||| FLEEEEING.
  5162 | D:7      | 5162 ||| FLEEEEING.
  5163 | D:7      | 5163 ||| FLEEEEING.
  5164 | D:7      | 5164 ||| FLEEEEING.
  5165 | D:7      | 5165 ||| FLEEEEING.
  5166 | D:7      | 5166 ||| FLEEEEING.
  5167 | D:7      | 5167 ||| FLEEEEING.
  5168 | D:7      | 5168 ||| FLEEEEING.
  5169 | D:7      | 5169 ||| FLEEEEING.
  5170 | D:7      | 5170 ||| FLEEEEING.
  5171 | D:7      | 5171 ||| FLEEEEING.
  5172 | D:7      | 5172 ||| STAIRDANCE
  5268 | D:7      | 5268 ||| STAIRDANCE
  5270 | D:6      | 5270 ||| INVOKING Heroism.
  5273 | D:6      | Reached skill level 1 in Invocations
  5344 | D:7      | Found a transporter.
  5344 | D:7      | Found a transporter.
  5357 | D:7      | Noticed Menkaure
  5358 | D:7      | 5358 ||| INVOKING Heroism.
  5366 | D:7      | Killed Menkaure
  5425 | D:7      | Identified the +0 leather armour of Greater Demons {Harm
                  | *Corrode Slay+3}
  5429 | D:7      | Noticed a purple ugly thing
  5446 | D:7      | 5446 ||| INVOKING Heroism.
  5449 | D:7      | Killed a purple ugly thing
  5450 | D:7      | Reached skill level 11 in Ranged Weapons
  5450 | D:7      | Reached skill level 3 in Invocations
  5606 | D:7      | Noticed a troll
  5607 | D:7      | 5607 ||| INVOKING Heroism.
  5624 | D:7      | Killed a troll
  5624 | D:7      | Reached ** piety under Okawaru
  5686 | D:7      | 5686 ||| Stepping ~*~*~tactically~*~*~ (outnumbered).
  5699 | D:7      | Reached skill level 12 in Ranged Weapons
  5725 | D:7      | Found Cowoa's Armour Shop.
  5734 | D:7      | 5734 ||| SHOPLISTING +0 cloak of the Grey Skies {Dex+3}
                  | (249 gold, have 20).
  5734 | D:7      | 5734 ||| SHOPLISTING +0 ring mail "Imar" {rF- rC++ Int+3
                  | Dex-4 Slay+5} (565 gold, have 20).
  5757 | D:7      | Found a transporter.
  5759 | D:7      | Found a transporter.
  5759 | D:7      | Noticed an unseen horror
  5760 | D:7      | Noticed a cyclops
  5761 | D:7      | Noticed a troll
  5773 | D:7      | Found a transporter.
  5960 | D:8      | Noticed Erica
  5961 | D:8      | 5961 ||| INVOKING Heroism.
  5967 | D:8      | Killed Erica
  5968 | D:8      | Reached XP level 10. HP: 87/90 MP: 9/12
  5990 | D:8      | Found a staircase to the Lair.
  5993 | D:8      | 5993 ||| INVOKING Heroism.
  5994 | D:8      | 5994 ||| Stepping ~*~*~tactically~*~*~ (cloud).
  6000 | D:8      | 6000 ||| Stepping ~*~*~tactically~*~*~ (cloud).
  6001 | D:8      | 6001 ||| Stepping ~*~*~tactically~*~*~ (cloud).
  6002 | D:8      | 6002 ||| Stepping ~*~*~tactically~*~*~ (cloud).
  6008 | D:8      | 6008 ||| Stepping ~*~*~tactically~*~*~ (cloud).
  6011 | D:8      | 6011 ||| FLEEEEING.
  6012 | D:8      | 6012 ||| STAIRDANCE
  6061 | D:8      | 6061 ||| INVOKING Heroism.
  6247 | D:8      | Identified the +0 plate armour "Ygougg" {Str+2 Stlth+}
  6292 | D:8      | Noticed a two-headed ogre
  6293 | D:8      | 6293 ||| INVOKING Heroism.
  6299 | D:8      | Killed a two-headed ogre
  6299 | D:8      | Reached *** piety under Okawaru
  6333 | D:8      | Found a runed translucent door.
  6340 | D:8      | Noticed qw's ghost (novice GrHs)
  6340 | D:8      | Identified the +10 trident of Qazlal's Envy {drain, rPois
                  | Dex+3}
  6374 | D:8      | 6374 ||| PLANNING LAIR
  6374 | D:8      | 6374 ||| READING 4 scrolls of identify.
  6374 | D:8      | 6374 ||| IDENTIFYING metallic inky potion
  6400 | Lair:1   | Entered Level 1 of the Lair of Beasts
  6436 | Lair:1   | Reached skill level 13 in Ranged Weapons
  6437 | Lair:1   | 6437 ||| INVOKING Heroism.
  6441 | Lair:1   | Reached skill level 9 in Fighting
  6493 | Lair:1   | Noticed Harold
  6496 | Lair:1   | 6496 ||| INVOKING Heroism.
  6503 | Lair:1   | Killed Harold
  6504 | Lair:1   | Reached skill level 6 in Armour
  6742 | Lair:1   | Noticed a cane toad
  6742 | Lair:1   | 6742 ||| INVOKING Heroism.
  6753 | Lair:1   | Killed a cane toad
  6754 | Lair:1   | Reached skill level 14 in Ranged Weapons
  6829 | Lair:1   | Noticed a black mamba
  6830 | Lair:1   | 6830 ||| INVOKING Heroism.
  6837 | Lair:1   | Killed a black mamba
  6838 | Lair:1   | Reached XP level 11. HP: 79/97 MP: 10/13
  7006 | Lair:1   | Reached **** piety under Okawaru
  7124 | Lair:1   | 7124 ||| INVOKING Heroism.
  7131 | Lair:1   | Reached skill level 6 in Dodging
  7402 | Lair:2   | Noticed an eight-headed hydra
  7403 | Lair:2   | 7403 ||| INVOKING Heroism.
  7410 | Lair:2   | Killed an eight-headed hydra
  7421 | Lair:2   | 7421 ||| STAIRDANCE
  7475 | Lair:2   | 7475 ||| INVOKING Heroism.
  7521 | Lair:2   | 7521 ||| INVOKING Heroism.
  7532 | Lair:2   | Noticed a boulder beetle
  7542 | Lair:2   | HP: 21/99 [komodo dragon (14)]
  7543 | Lair:2   | 7543 ||| READING 2 scrolls of teleportation.
  7544 | Lair:2   | 7544 ||| DRINKING 3 potions of heal wounds.
  7548 | Lair:2   | 7548 ||| INVOKING Heroism.
  7607 | Lair:2   | 7607 ||| FLEEEEING.
  7608 | Lair:2   | 7608 ||| STAIRDANCE
  7718 | Lair:2   | 7718 ||| STAIRDANCE
  7720 | Lair:1   | 7720 ||| INVOKING Heroism.
  7727 | Lair:1   | Reached skill level 15 in Ranged Weapons
  7894 | Lair:2   | 7894 ||| INVOKING Heroism.
  7954 | Lair:2   | 7954 ||| INVOKING Heroism.
  7981 | Lair:2   | 7981 ||| INVOKING Heroism.
  7997 | Lair:2   | Killed a boulder beetle
  8050 | Lair:2   | Noticed an eight-headed hydra
  8051 | Lair:2   | 8051 ||| INVOKING Heroism.
  8056 | Lair:2   | Killed an eight-headed hydra
  8057 | Lair:2   | Reached skill level 16 in Ranged Weapons
  8061 | Lair:2   | HP: 21/99 [tyrant leech (22)]
  8062 | Lair:2   | 8062 ||| READING 2 scrolls of teleportation.
  8063 | Lair:2   | 8063 ||| DRINKING 2 potions of heal wounds.
  8346 | Lair:2   | Noticed a skyshark
  8352 | Lair:2   | Killed a skyshark
  8353 | Lair:2   | Reached skill level 6 in Invocations
  8353 | Lair:2   | Reached XP level 12. HP: 99/107 MP: 15/15
  8434 | Lair:2   | 8434 ||| INVOKING Heroism.
  8509 | Lair:2   | 8509 ||| INVOKING Heroism.
  8674 | Lair:2   | 8674 ||| INVOKING Heroism.
  8713 | Lair:2   | 8713 ||| INVOKING Heroism.
  8723 | Lair:2   | Received a gift from Okawaru
  8790 | Lair:2   | 8790 ||| INVOKING Heroism.
  8807 | Lair:2   | Noticed a five-headed hydra
  8810 | Lair:2   | Killed a five-headed hydra
  8838 | Lair:2   | 8838 ||| INVOKING Heroism.
  8892 | Lair:2   | Found a staircase to the Swamp.
  9068 | Lair:2   | 9068 ||| UPGRADING to amulet of faith.
  9073 | Lair:2   | 9073 ||| DRINKING 2 lumpy grey potions.
  9103 | Lair:3   | 9103 ||| PLANNING GAUNTLET
  9227 | Lair:3   | 9227 ||| INVOKING Heroism.
  9256 | Lair:3   | Found a gate leading to a gauntlet.
  9257 | Lair:3   | 9257 ||| UPGRADING to +1 pair of boots.
  9267 | Lair:3   | 9267 ||| DROPPING +0 pair of boots.
  9268 | Lair:3   | 9268 ||| READING 4 scrolls of identify.
  9268 | Lair:3   | 9268 ||| IDENTIFYING yellow potion
  9269 | Lair:3   | 9269 ||| DROPPING potion of attraction.
  9281 | Gauntlet | Entered a Gauntlet
  9281 | Gauntlet | Found a transporter.
  9289 | Gauntlet | Found a transporter.
  9291 | Gauntlet | Found a transporter.
  9301 | Gauntlet | Found a transporter.
  9304 | Gauntlet | Found a transporter.
  9312 | Gauntlet | Found a transporter.
  9328 | Gauntlet | Found a transporter.
  9339 | Gauntlet | Found a transporter.
  9349 | Gauntlet | Found a runed translucent gate.
  9350 | Gauntlet | Found a transporter.
  9350 | Gauntlet | Found a runed translucent gate.
  9351 | Gauntlet | Found a runed translucent gate.
  9362 | Gauntlet | Found a transporter.
  9362 | Gauntlet | Found a transporter.
  9364 | Gauntlet | Found a transporter.
  9394 | Gauntlet | Found a transporter.
  9448 | Gauntlet | Found a transporter.
  9554 | Gauntlet | Reached ***** piety under Okawaru
  9635 | Gauntlet | 9635 ||| DROPPING +6 ring of intelligence.
  9679 | Gauntlet | 9679 ||| INVOKING Heroism.
  9771 | Gauntlet | Identified the +0 pair of boots of Negligence {+Inv SInv}
  9807 | Gauntlet | Identified the +6 falchion "Siarub" {pain, Str+2}
  9807 | Gauntlet | Noticed a minotaur
  9808 | Gauntlet | 9808 ||| INVOKING Heroism.
  9809 | Gauntlet | 9809 ||| INVOKING Finesse.
  9824 | Gauntlet | Killed a minotaur
  9925 | Lair:3   | 9925 ||| PLANNING LAIR
 10050 | Lair:3   | Noticed a five-headed hydra
 10051 | Lair:3   | 10051 ||| INVOKING Heroism.
 10059 | Lair:3   | Killed a five-headed hydra
 10060 | Lair:3   | Reached skill level 12 in Fighting
 10176 | Lair:3   | 10176 ||| INVOKING Heroism.
 10205 | Lair:3   | Reached skill level 9 in Invocations
 10216 | Lair:3   | 10216 ||| INVOKING Heroism.
 10256 | Lair:3   | 10256 ||| INVOKING Heroism.
 10300 | Lair:3   | 10300 ||| INVOKING Heroism.
 10392 | Lair:3   | 10392 ||| READING scroll of acquirement.
 10392 | Lair:3   | 10392 ||| ACQUIRING +27 heavy crossbow "Sniper" {heavy,
                  | Acc+∞ SInv}
 10392 | Lair:3   | Acquired the +27 heavy crossbow "Sniper" {heavy, Acc+∞
                  | SInv}
 10392 | Lair:3   | Found the +27 heavy crossbow "Sniper" {heavy, Acc+∞ SInv}
 10394 | Lair:3   | 10394 ||| SWAPPING to +27 heavy crossbow "Sniper" {heavy,
                  | Acc+∞ SInv}.
 10395 | Lair:3   | 10395 ||| REMOVING ring of see invisible.
 10396 | Lair:3   | 10396 ||| DROPPING +7 orcbow of flaming.
 10541 | Lair:3   | 10541 ||| Stepping ~*~*~tactically~*~*~ (outnumbered).
 10545 | Lair:3   | Found a staircase to the Snake Pit.
 10687 | Lair:3   | 10687 ||| UPGRADING to +6 ring of strength.
 10688 | Lair:3   | 10688 ||| UPGRADING to ring of protection from fire.
 10920 | Lair:4   | Reached XP level 13. HP: 118/118 MP: 19/19
 11195 | Lair:4   | Found a runed translucent door.
 11200 | Lair:4   | Found a viscous altar of Jiyva.
 11200 | Lair:4   | Found a staircase to the Slime Pits.
 11200 | Lair:4   | Noticed an acid blob
 11200 | Lair:4   | Noticed an acid blob
 11200 | Lair:4   | Noticed an acid blob
 11202 | Lair:4   | 11202 ||| INVOKING Heroism.
 11497 | Lair:4   | 11497 ||| READING scroll labelled DENGAO KUNG.
 11527 | Lair:5   | Entered Level 5 of the Lair of Beasts
 11528 | Lair:5   | 11528 ||| INVOKING Heroism.
 11535 | Lair:5   | 11535 ||| INVOKING Finesse.
 11544 | Lair:5   | Reached skill level 17 in Ranged Weapons
 11563 | Lair:5   | 11563 ||| INVOKING Heroism.
 11592 | Lair:5   | 11592 ||| INVOKING Finesse.
 11632 | Lair:5   | 11632 ||| INVOKING Heroism.
 11637 | Lair:5   | Reached skill level 18 in Ranged Weapons
 11639 | Lair:5   | Received a gift from Okawaru
 11871 | Lair:5   | 11871 ||| INVOKING Heroism.
 11872 | Lair:5   | 11872 ||| INVOKING Finesse.
 11876 | Lair:5   | 11876 ||| Stepping ~*~*~tactically~*~*~ (cloud).
 11880 | Lair:5   | 11880 ||| Stepping ~*~*~tactically~*~*~ (cloud).
 11897 | Lair:5   | 11897 ||| Stepping ~*~*~tactically~*~*~ (cloud).
 11899 | Lair:5   | 11899 ||| INVOKING Heroism.
 11902 | Lair:5   | 11902 ||| Stepping ~*~*~tactically~*~*~ (cloud).
 11903 | Lair:5   | 11903 ||| Stepping ~*~*~tactically~*~*~ (cloud).
 12158 | Lair:5   | 12158 ||| INVOKING Heroism.
 12159 | Lair:5   | 12159 ||| INVOKING Finesse.
 12161 | Lair:5   | Reached skill level 19 in Ranged Weapons
 12222 | Lair:5   | 12222 ||| INVOKING Heroism.
 12223 | Lair:5   | 12223 ||| INVOKING Finesse.
 12225 | Lair:5   | Reached XP level 14. HP: 127/127 MP: 12/20
 12258 | Lair:5   | 12258 ||| INVOKING Finesse.
 12325 | Lair:5   | 12325 ||| INVOKING Heroism.
 12326 | Lair:5   | 12326 ||| INVOKING Finesse.
 12352 | Lair:5   | Reached skill level 9 in Dodging
 12388 | Lair:5   | 12388 ||| Stepping ~*~*~tactically~*~*~ (cloud).
 12392 | Lair:5   | 12392 ||| INVOKING Heroism.
 12393 | Lair:5   | 12393 ||| INVOKING Finesse.
 12923 | Lair:5   | 12923 ||| PLANNING D:1-11
 12923 | Lair:5   | 12923 ||| UPGRADING to +1 hat of stealth.
 13196 | D:9      | Found a runed translucent gate.
 13197 | D:9      | Found a runed translucent gate.
 13197 | D:9      | Found a runed translucent gate.
 13200 | D:9      | Noticed qw's ghost (novice MiHs)
 13378 | D:9      | Identified the +8 spear "Cuax" {flame, rElec rC++ Dex+4}
 13387 | D:9      | Identified the +6 shortbow "Doqadul" {freeze, rN++ Str+4
                  | Stlth-} (Okawaru gifted it to you on level 9 of the
                  | Dungeon)
 13387 | D:9      | Received a gift from Okawaru
 13605 | D:9      | 13605 ||| Stepping ~*~*~tactically~*~*~ (outnumbered).
 13645 | D:9      | Found Xikhliow's Magic Scroll Shop.
 13654 | D:9      | 13654 ||| BUYING scroll of enchant weapon (105 gold).
 13654 | D:9      | Bought a scroll of enchant weapon for 105 gold pieces
 13654 | D:9      | 13654 ||| BUYING scroll of enchant weapon (105 gold).
 13654 | D:9      | Bought a scroll of enchant weapon for 105 gold pieces
 13851 | D:9      | Found a white marble altar of Elyvilon.
 13927 | D:10     | Entered Level 10 of the Dungeon
 13969 | D:10     | Found an opulent altar of Gozag.
 14016 | D:10     | 14016 ||| Stepping ~*~*~tactically~*~*~ (outnumbered).
 14141 | D:10     | Found a stormy altar of Qazlal.
 14551 | D:10     | 14551 ||| DROPPING ring of flight.
 14583 | D:11     | 14583 ||| INVOKING Heroism.
 14687 | D:11     | 14687 ||| INVOKING Heroism.
 14968 | D:11     | Noticed Lodul
 14969 | D:11     | Reached skill level 20 in Ranged Weapons
 14970 | D:11     | 14970 ||| INVOKING Heroism.
 14971 | D:11     | 14971 ||| INVOKING Finesse.
 14975 | D:11     | Killed Lodul
 15136 | D:11     | 15136 ||| PLANNING D
 15136 | D:11     | 15136 ||| DROPPING +0 leather armour of Greater Demons
                  | {Harm *Corrode Slay+3}.
 15137 | D:11     | 15137 ||| UPGRADING to +0 acid dragon scales.
 15147 | D:11     | 15147 ||| DROPPING +0 ring mail.
 15148 | D:11     | 15148 ||| UPGRADING to +0 troll leather armour.
 15158 | D:11     | 15158 ||| DROPPING +0 acid dragon scales.
 15159 | D:11     | 15159 ||| READING scroll labelled XAZXAO DIJAYX.
 15160 | D:11     | 15160 ||| READING scroll labelled GIMYOW CATAUJ.
 15164 | D:12     | Noticed Kirke
 15165 | D:12     | 15165 ||| INVOKING Heroism.
 15175 | D:12     | Killed Kirke
 15175 | D:12     | Received a gift from Okawaru
 15307 | D:12     | Noticed Jorgrun
 15308 | D:12     | 15308 ||| INVOKING Heroism.
 15310 | D:12     | Killed Jorgrun
 15406 | D:12     | Found a frozen archway.
 15415 | D:12     | Noticed Maurice
 15416 | D:12     | Killed Maurice
 15430 | D:12     | 15430 ||| Stepping ~*~*~tactically~*~*~ (outnumbered).
 15433 | D:12     | 15433 ||| Stepping ~*~*~tactically~*~*~ (outnumbered).
 15437 | D:12     | 15437 ||| Stepping ~*~*~tactically~*~*~ (outnumbered).
 15466 | D:12     | Found a staircase to the Orcish Mines.
 15608 | D:12     | Noticed Erolcha
 15609 | D:12     | 15609 ||| INVOKING Heroism.
 15610 | D:12     | 15610 ||| INVOKING Finesse.
 15613 | D:12     | Killed Erolcha
 15796 | D:12     | 15796 ||| READING scroll of acquirement.
 15796 | D:12     | 15796 ||| ACQUIRING 654 gold pieces
 15796 | D:12     | Acquired 654 gold pieces
 15826 | D:12     | 15826 ||| UPGRADING to +6 ring of dexterity.
 15828 | D:12     | 15828 ||| DROPPING ring of fire.
 15829 | D:12     | 15829 ||| DROPPING ring of see invisible.
 15830 | D:12     | 15830 ||| DROPPING +6 ring of strength.
 15831 | D:12     | 15831 ||| UPGRADING to +5 ring of evasion.
 15833 | D:12     | 15833 ||| READING scroll labelled RIUJ NUEDOLA.
 15848 | D:13     | 15848 ||| STAIRDANCE
 15868 | D:13     | 15868 ||| STAIRDANCE
 15885 | D:13     | 15885 ||| Stepping ~*~*~tactically~*~*~ (outnumbered).
 15887 | D:13     | 15887 ||| Stepping ~*~*~tactically~*~*~ (outnumbered).
 15889 | D:13     | Received a gift from Okawaru
 15901 | D:13     | 15901 ||| READING scroll of enchant armour.
 15901 | D:13     | 15901 ||| ENCHANTING +1 pair of gloves.
 15961 | D:13     | Reached XP level 15. HP: 138/138 MP: 21/21
 16324 | D:13     | Noticed Josephine
 16443 | D:13     | Killed Josephine
 16443 | D:13     | Received a gift from Okawaru
 16465 | D:13     | 16465 ||| READING 7 scrolls of identify.
 16465 | D:13     | 16465 ||| IDENTIFYING fuming silvery potion
 16558 | D:14     | 16558 ||| Stepping ~*~*~tactically~*~*~ (outnumbered).
 16568 | D:14     | Identified the +3 buckler "Juynuf" {rN++}
 16569 | D:14     | 16569 ||| INVOKING Heroism.
 16576 | D:14     | Reached skill level 12 in Dodging
 16577 | D:14     | 16577 ||| Stepping ~*~*~tactically~*~*~ (outnumbered).
 16578 | D:14     | HP: 33/138 [white ugly thing (6)]
 16578 | D:14     | HP: 1/138 [white ugly thing (32)]
 16579 | D:14     | 16579 ||| READING 4 scrolls of teleportation.
 16579 | D:14     | Slain by a brown ugly thing

Levels and vault maps discovered:
D:1:      beargit_arrival_diablo_church, layout_loops_ring, minmay_tall_x
D:2:      layout_rooms, kennysheep_cross_room, feat_on_display
D:3:      layout_rooms, lemuel_coloured_pillars_altar,
          shapermc_ecumenical_altar_mp_vishouse, ebering_ghost_sewer_f,
          supply_closet_lemuel, st_stairs_7, uniq_grinder,
          uniq_crazy_yiuf_cottage
D:4:      layout_basic, lightli_sewer_entry_pipes, minmay_close_crescents
D:5:      layout_loops_ring, minmay_temple_entry_offerings,
          biasface_ghost_orc_armoury
D:6:      lemuel_slime, layout_cave_pods, ebering_ghost_rock_garden,
          amcnicky_mini_corridor_feature, chequers_serial_rivers_small_b,
          minmay_misc_feat_chi
D:7:      gammafunk_the_bubble [the_bubble_gammafunk_roulette], layout_basic,
          enter_bailey_2, serial_shops, nicolae_shop_tiny_statue_garden,
          nicolae_shop_back_alley_shop, small_statue_intersection,
          uniq_prince_ribbit1, uniq_joseph, uniq_menkaure
D:8:      layout_cave_pools, dpeg_oklobed_lair, ebering_ghost_funeral_grove,
          uniq_erica
D:9:      minmay_angry_zag, layout_basic, kennysheep_mini,
          gammafunk_ghost_necromancy, serial_shops, shop
D:10:     layout_basic, mainiacjoe_overflow_catch_the_wave
D:11:     layout_cave_pools, uniq_lodul
D:12:     layout_roguey, david_orc_5, portal_ice_cave_rime, uniq_erolcha,
          uniq_jorgrun, uniq_maurice, uniq_kirke
D:13:     layout_loops_cross, uniq_josephine
D:14:     minmay_the_grid_plus [minmay_the_grid_mess,
          minmay_the_grid_minigrid_small_alt, minmay_the_grid_medium_cups,
          minmay_the_grid_aliased_spiral, minmay_the_grid_prize_big_room],
          layout_basic, david_vaults_4
Temple:   nicolae_temple_no_exploring_needed
Lair:1:   layout_chaotic_city, lemuel_fruit_fields, infiniplex_staircase_pool_2,
          uniq_harold
Lair:2:   layout_gridlike, palyth_hydra_swamp_entry, ice2_lemuel
Lair:3:   layout_regular_city, nicolae_snake_entry_squirm,
          gauntlet_entry_generic, grunt_megastairs_3, lemuel_fruit_fields,
          serial_bayou_shore_b
Lair:4:   layout_small_grid, slime_entry_2
Lair:5:   evilmike_catoblepas_cave, layout_regular_city, grunt_megastairs_5

Skill      XL: |  1  2  3  4  5  6  7  8  9 10 11 12 13 14 15 |
---------------+----------------------------------------------+-----
Ranged Weapons | 3 4 5 6 8 10 12 14 16 19 20 | 20.3
Fighting       | 2 5 7 8 9 10 12 14 | 14.0
Armour         | 1 2 3 4 6 7 8 |  8.1
Dodging        | 3 4 5 6 7 8 10 12 | 12.0
Invocations    | 4 6 9 10 | 10.0
Spellcasting   | |  1.0
Hexes          | |  2.0

Action                     |  1- 3 |  4- 6 |  7- 9 | 10-12 | 13-15 || total
---------------------------+-------+-------+-------+-------+-------++-------
   Fire: Sling             |   116 |       |       |       |       ||   116
         Orcbow            |    17 |    84 |   246 |   442 |       ||   789
         Heavy crossbow    |       |       |       |     9 |   322 ||   331
 Invoke: Heroism           |       |       |     7 |    31 |    17 ||    55
         Finesse           |       |       |       |     1 |    10 ||    11
    Use: Scroll            |    11 |     5 |     7 |     5 |     8 ||    36
         Potion            |     1 |       |     1 |     3 |       ||     5
 Armour: Robe              |     3 |       |       |       |       ||     3
         Ring mail         |     9 |    14 |    38 |    41 |    38 ||   140
         Troll leather arm |       |       |       |       |    13 ||    13
  Dodge: Dodged            |    30 |    19 |    73 |   178 |   300 ||   600

Table legend:
 A = Non-vault XP
 B = Vault XP
 C = Vault XP percentage of total XP
 D = Non-vault monster count
 E = Vault monster count
 F = Vault count percentage of total count
                 A         B        C        D         E       F
            +---------+---------+-------+---------+---------+-------
      Total |   67816 |   42737 |  38.7 |     385 |     183 |  32.2
            +---------+---------+-------+---------+---------+-------
        D:1 |      33 |       6 |  15.4 |      20 |       4 |  16.7
        D:2 |      37 |       0 |   0.0 |      18 |       0 |   0.0
        D:3 |     117 |     280 |  70.5 |      29 |       2 |   6.5
        D:4 |     416 |     182 |  30.4 |      22 |      22 |  50.0
        D:5 |     510 |       0 |   0.0 |      14 |       0 |   0.0
        D:6 |     700 |     449 |  39.1 |      13 |      18 |  58.1
        D:7 |    1796 |     452 |  20.1 |      20 |       2 |   9.1
        D:8 |    1626 |     834 |  33.9 |      16 |       1 |   5.9
        D:9 |    4518 |     668 |  12.9 |      25 |       5 |  16.7
       D:10 |    1867 |       0 |   0.0 |      16 |       0 |   0.0
       D:11 |    5314 |    1602 |  23.2 |      22 |       8 |  26.7
       D:12 |    5760 |    6868 |  54.4 |      23 |      34 |  59.6
       D:13 |    7184 |    1945 |  21.3 |      19 |       6 |  24.0
       D:14 |     605 |    3347 |  84.7 |       1 |       7 |  87.5
     Lair:1 |    4873 |     886 |  15.4 |      24 |       1 |   4.0
     Lair:2 |    7632 |    5041 |  39.8 |      26 |      18 |  40.9
     Lair:3 |    5685 |    1515 |  21.0 |      24 |       7 |  22.6
     Lair:4 |    4208 |       0 |   0.0 |      14 |       0 |   0.0
     Lair:5 |   14935 |   15088 |  50.3 |      39 |      34 |  46.6
   Gauntlet |       0 |    3574 | 100.0 |       0 |      14 | 100.0
            +---------+---------+-------+---------+---------+-------
